 Dungeon Crawl Stone Soup version 0.23-a0-373-g305c090 (webtiles) character file.

69510 namelastname112 the Lord of Darkness (level 14, -1/124 HPs)
             Began as a Black Draconian Necromancer on Oct 25, 2018.
             Was the Champion of Kikubaaqudgha.
             Shot with an arrow by a centaur warrior (19 damage)
             ... on level 12 of the Dungeon on Oct 26, 2018.
             The game lasted 01:14:17 (29610 turns).

namelastname112 the Lord of Darkness (DrNe)        Turns: 29610, Time: 01:14:18

Health: -1/124     AC: 14    Str: 10    XL:     14   Next: 90%
Magic:  11/28      EV: 18    Int: 20    God:    Kikubaaqudgha [******]
Gold:   1893       SH:  8    Dex: 13    Spells: 5/33 levels left

rFire    . . .     SeeInvis .   a - +9 demon trident
rCold    . . .     Gourm    .   A - +0 buckler
rNeg     . . .     Faith    .   (armour unavailable)
rPois    .         Spirit   .   (helmet restricted)
rElec    +         Reflect  +   B - +0 cloak
rCorr    .         Harm     .   z - +2 pair of gloves
MR       +....                  i - +1 pair of boots
Stlth    ++........             r - +3 amulet of reflection
HPRegen  0.30/turn              (no ring)
MPRegen  0.21/turn              y - ring of flight

@: flying, very slightly contaminated
A: breathe lightning, unfitting armour, big wings, electricity resistance,
cold-blooded, AC +8
a: Breathe Lightning, Stop Flying, Receive Corpses, Torment, Renounce Religion


You were on level 12 of the Dungeon.
You worshipped Kikubaaqudgha.
Kikubaaqudgha was exalted by your worship.
You were not hungry.

You visited 4 branches of the dungeon, and saw 22 of its levels.

You collected 2140 gold pieces.
You spent 247 gold pieces at shops.

Inventory:

Hand Weapons
 a - a +9 demon trident (weapon)
 F - a +1 dagger of electrocution
Missiles
 u - a throwing net (quivered)
Armour
 i - a +1 pair of boots (worn)
 z - a +2 pair of gloves (worn)
 A - a +0 buckler (worn)
 B - a +0 cloak (worn)
Jewellery
 h - an uncursed ring of ice
 r - a +3 amulet of reflection (around neck)
 y - a ring of flight (right hand)
 D - a +2 ring of protection {unknown}
Wands
 e - a wand of random effects (51)
 s - a wand of enslavement (15)
 E - a wand of paralysis (2)
 G - a wand of flame (77)
 J - a wand of acid (10)
Scrolls
 d - 12 scrolls of remove curse
 n - 6 scrolls of amnesia
 t - 3 scrolls of enchant weapon
 w - a scroll of enchant armour
 x - a scroll of torment
 I - 4 scrolls of identify
 K - 3 scrolls of magic mapping
Potions
 c - 5 potions of haste
 f - a potion of magic
 g - 2 potions of ambrosia
 j - 3 potions of mutation
 o - 2 potions of brilliance
 p - 3 potions of agility
 q - 8 potions of curing
 v - 3 potions of flight
 C - 2 potions of cancellation
 H - a potion of invisibility
 L - a potion of heal wounds
Miscellaneous
 l - a lightning rod (4/4)
Comestibles
 b - 33 rations


   Skills:
 + Level 11.5 Fighting
 - Level 7.7 Short Blades
 * Level 8.4 Polearms
 + Level 10.0 Dodging
 - Level 1.7 Stealth
 - Level 4.0 Shields
 + Level 10.0 Spellcasting
 * Level 14.3 Necromancy
 - Level 5.0 Ice Magic
 - Level 3.1 Earth Magic


You had 5 spell levels left.
You knew the following spells:

 Your Spells              Type           Power        Failure   Level  Hunger
a - Animate Skeleton      Necr           N/A          1%          1    None
b - Simulacrum            Ice/Necr       #####.....   21%         6    ######.
c - Animate Dead          Necr           N/A          1%          4    ##.....
d - Regeneration          Chrm/Necr      #####.....   1%          3    None
f - Dispel Undead         Necr           ######..     1%          5    ####...
s - Borgnjor's Vile Clut  Necr/Erth      #####.....   5%          5    ####...
x - Vampiric Draining     Necr           ######....   1%          3    None
z - Pain                  Necr           ####         1%          1    None

Your spell library contained the following spells:

 Spells                   Type           Power        Failure   Level  Hunger
 Corpse Rot               Necr           N/A          1%          2    None
 Sublimation of Blood     Necr           ######....   1%          2    None
 Agony                    Necr           ######..     1%          5    ####...
 Ensorcelled Hibernation  Hex/Ice        ###...       3%          2    None
 Apportation              Tloc           ##....       7%          1    None
 Confusing Touch          Hex            ##....       7%          1    None
 Corona                   Hex            ##.....      7%          1    None
 Summon Small Mammal      Summ           ##..         7%          1    None
 Bolt of Draining         Conj/Necr      #####.....   10%         5    ####...
 Confuse                  Hex            ##......     21%         3    None
 Dazzling Spray           Conj/Hex       ##....       21%         3    None
 Tukima's Dance           Hex            ##......     21%         3    None
 Borgnjor's Revivificati  Necr           ######....   77%         8    #######
 Infestation              Necr           ######....   77%         8    #######
 Haunt                    Necr/Summ      #####.....   97%         7    #######
 Death's Door             Chrm/Necr      #####.....   100%        8    #######
 Necromutation            Tmut/Necr      #####.....   100%        8    #######


Dungeon Overview and Level Annotations

Branches:
Dungeon (13/15)            Temple (1/1) D:4            Lair (6/6) D:11
 Shoals (0/4) Lair:2        Snake (0/4) Lair:2        Slime (0/5) Lair:6
    Orc (2/2) D:11            Elf (0/3) Orc:2        Vaults (0/5) D:13

Altars:
Ashenzari
Cheibriados
Dithmenos
Elyvilon
Fedhas
Gozag
Kikubaaqudgha
Makhleb
Nemelex Xobeh
Okawaru
Qazlal
Ru
Sif Muna
Trog
Uskayaw
Vehumet
Wu Jian
Xom
Yredelemnul
Zin
The Shining One
Beogh
Lugonu

Shops:
Orc:2 =([*!

Annotations:
D:10 1 runed door, komo4ek's ghost, novice MiBe
D:12 Frances
D:13 2 transporters
Lair:5 Rupert


Innate Abilities, Weirdness & Mutations

You can breathe wild blasts of lightning.
Your glossy black scales are hard. (AC +8)
You cannot fit into any form of body armour.
Your large and strong wings let you fly indefinitely.
You are resistant to electric shocks. (rElec)
You are cold-blooded and may be slowed by cold attacks.


Message History

* * * LOW HITPOINT WARNING * * *
You take 22 damage, and have 37/124 hp.
The centaur warrior shoots an arrow.
The arrow misses you.
Okay, then.
Casting: Borgnjor's Vile Clutch (safe; 5% risk of failure)
Confirm with . or Enter, or press ? or * to list all spells.
Aiming: Borgnjor's Vile Clutch (safe; 5% risk of failure)
Press: ? - help, Dir - move target cursor Decaying hands burst forth from the earth!
Zombie hands grab the centaur warrior.
The zombie hands constrict the centaur warrior.
The centaur warrior shoots an arrow.
The arrow hits you!
* * * LOW HITPOINT WARNING * * *
The centaur warrior shoots an arrow.
The arrow hits you!
* * * LOW HITPOINT WARNING * * *
You take 20 damage, and have 17/124 hp.
You now have 11/28 mp.
The zombie hands constrict the centaur warrior.
The centaur warrior shoots an arrow.
The arrow hits you!!
You die...
Kikubaaqudgha rasps: "You have failed me!
Welcome... death!"

4.......(................
.........................
.........................
.........................
.....#..............Z....
.........................
###.##..........(........
####.##..........(.......
.##.............@........
###...#.#................
# ##.##.#..........#...c#
###..Z........<.....##
##.Z.#.............#
##.#.......).......
####..........<...
##.#...[..........
##...............#.


You could see a centaur warrior and a centaur zombie.

Vanquished Creatures
  Gastronok (D:9)
  An orc warlord (Orc:2)
  Snorg (D:13)
  Erolcha (Orc:2)
  Josephine (D:11)
  3 hydras
  7 vault guards (D:13)
  2 catoblepae (Lair:6)
  2 two-headed ogres
  Urug (D:13)
  3 death yaks (Lair:6)
  2 orc high priests
  Sonja (D:13)
  Pikel (D:7)
  3 orc knights (Orc:2)
  5 manticores
  6 elephants
  2 orc sorcerers (Orc:2)
  3 cyclopes
  2 ugly things (D:13)
  Joseph (D:7)
  A black mamba (Lair:6)
  8 spiny frogs
  A gargoyle (D:13)
  3 rime drakes
  4 centaur skeletons
  3 komodo dragons
  5 trolls
  2 hornets
  3 meliai (D:13)
  2 polar bears
  A merfolk (Lair:2)
  5 dream sheep (Lair:6)
  20 blink frogs
  8 slime creatures
  6 hippogriffs
  A centaur simulacrum (D:12)
  A redback (shapeshifter) (D:12)
  A shadow (D:11)
  4 wraiths (D:11)
  6 wyverns
  25 yaks
  A steam dragon (D:10)
  4 basilisks
  A hungry ghost (D:11)
  Menkaure (D:5)
  3 wargs
  2 soldier ants
  10 water moccasins
  6 porcupines
  A swamp drake (D:11)
  2 black bears (D:13)
  29 orc warriors
  A sky beast (D:7)
  4 phantoms
  2 ice beasts
  A necrophage (D:5)
  6 wolves
  An eye of draining (D:13)
  8 ogres
  6 centaurs
  12 crocodiles
  3 big kobolds
  13 bullfrogs
  A wyvern zombie (D:12)
  4 scorpions
  4 killer bees (D:13)
  5 vampire bats (Orc:1)
  A wight (D:9)
  6 howler monkeys
  A quasit (D:8)
  5 jellies
  A bullfrog zombie (D:11)
  3 crimson imps
  2 centaur zombies
  3 hounds
  26 orc priests
  2 bullfrog skeletons
  3 iguanas
  26 orc wizards
  7 worker ants
  A killer bee zombie (D:7)
  A hound zombie (D:11)
  A worker ant zombie (D:5)
  9 gnolls
  7 adders
  2 shadow imps
  An ooze (D:2)
  An adder skeleton (D:9)
  4 worms
  A dart slug (D:1)
  7 leopard geckos
  92 orcs
  A giant cockroach (D:2)
  3 goblins
  9 hobgoblins
  12 jackals
  21 kobolds
  5 quokkas
  5 bats
  4 frilled lizards
  A quokka skeleton (D:6)
  A quokka zombie (D:6)
  5 rats
570 creatures vanquished.

Vanquished Creatures (collateral kills)
  A vault guard (D:13)
  A hydra (Lair:2)
  A catoblepas (Lair:6)
  A two-headed ogre (Orc:2)
  5 death yaks (Lair:6)
  An orc sorcerer (Orc:2)
  A merfolk siren (Lair:2)
  4 spiny frogs
  2 rime drakes
  2 komodo dragons
  A troll (D:12)
  2 merfolk (Lair:2)
  A polar bear (Lair:5)
  8 blink frogs
  A dream sheep (Lair:6)
  2 hippogriffs (Lair:5)
  3 wyverns
  9 yaks
  A warg (Orc:2)
  Duvessa (D:7)
  A water moccasin (Lair:4)
  3 orc warriors
  A black bear (D:7)
  2 wolves (Lair:2)
  An eye of draining (D:10)
  4 crocodiles
  2 bullfrogs
  Blork the orc (D:4)
  A scorpion (D:12)
  Dowan (D:7)
  2 crimson imps (D:6)
  3 orc priests
  3 orc wizards
  2 worker ants (D:12)
  A hound skeleton (D:3)
  2 worker ant zombies
  2 adders
  3 worms
  2 leopard geckos
  10 orcs
  2 goblins (D:2)
  A jackal (D:3)
  2 kobolds
  4 bats
  A frilled lizard (D:1)
  A jackal skeleton (D:5)
  5 fungi
  2 plants (Lair:6)
113 creatures vanquished.

Vanquished Creatures (others)
  An orc wizard (Orc:2)
  8 fungi
  7 plants
16 creatures vanquished.

Grand Total: 699 creatures vanquished

Notes
Turn   | Place    | Note
-------+----------+-------------------------------------------
     0 | D:1      | namelastname112 the Draconian Necromancer began the quest
                  | for the Orb.
     0 | D:1      | Reached XP level 1. HP: 14/14 MP: 3/3
     2 | D:1      | Learned a level 1 spell: Animate Skeleton
   268 | D:1      | Reached XP level 2. HP: 8/22 MP: 1/5
  1051 | D:1      | Reached skill level 1 in Fighting
  1472 | D:1      | Reached XP level 3. HP: 25/28 MP: 2/6
  1522 | D:1      | Learned a level 3 spell: Vampiric Draining
  1679 | D:2      | You fall through a shaft!
  1849 | D:2      | Reached XP level 4. HP: 28/35 MP: 7/7
  2948 | D:3      | Reached skill level 5 in Necromancy
  2948 | D:3      | Reached XP level 5. HP: 22/41 MP: 5/9
  3888 | D:3      | Found a shattered altar of Ashenzari.
  3941 | D:4      | Learned a level 4 spell: Animate Dead
  4044 | D:4      | Reached XP level 6. HP: 41/50 MP: 10/10
  4424 | D:4      | Noticed Blork the orc
  4435 | D:4      | Killed Blork the orc
  4526 | D:4      | Reached skill level 6 in Necromancy
  4536 | D:4      | Your scales start taking on a glossy black colour.
  4536 | D:4      | Reached XP level 7. HP: 38/57 MP: 6/12
  4536 | D:4      | Gained mutation: You are resistant to electric shocks.
                  | (rElec) [Black Draconian growth]
  4894 | D:4      | Found a staircase to the Ecumenical Temple.
  4904 | Temple   | Entered the Ecumenical Temple
  4969 | Temple   | Became a worshipper of Kikubaaqudgha
  5130 | D:4      | Found a glowing golden altar of the Shining One.
  5292 | D:5      | Entered Level 5 of the Dungeon
  5376 | D:5      | Reached skill level 1 in Short Blades
  5390 | D:5      | Learned a level 3 spell: Regeneration
  5554 | D:5      | Reached skill level 7 in Necromancy
  5554 | D:5      | Reached XP level 8. HP: 65/65 MP: 9/14
  5730 | D:5      | Noticed a troll
  5743 | D:5      | Killed a troll
  5789 | D:5      | Noticed Menkaure
  5798 | D:5      | Killed Menkaure
  5975 | D:5      | Found a sparkling altar of Nemelex Xobeh.
  6110 | D:5      | Reached * piety under Kikubaaqudgha
  6110 | D:5      | Identified Kikubaaqudgha's Disquisition on Dark Secrets
                  | (Kikubaaqudgha gifted it to you on level 5 of the Dungeon)
  6110 | D:5      | Received a gift from Kikubaaqudgha
  6665 | D:6      | Reached skill level 5 in Fighting
  6699 | D:6      | Reached skill level 8 in Necromancy
  6962 | D:6      | Reached XP level 9. HP: 41/73 MP: 16/16
  7044 | D:6      | Reached skill level 5 in Spellcasting
  7083 | D:6      | Reached ** piety under Kikubaaqudgha
  7576 | D:7      | Reached skill level 5 in Dodging
  7593 | D:7      | Noticed Joseph
  7631 | D:7      | Killed Joseph
  7849 | D:7      | Noticed a two-headed ogre
  8060 | D:7      | Killed a two-headed ogre
  8060 | D:7      | Reached skill level 9 in Necromancy
  8080 | D:7      | Noticed Duvessa
  8081 | D:7      | Noticed Dowan
  8103 | D:7      | Killed Dowan
  8109 | D:7      | Killed Duvessa
  8269 | D:7      | Found a burning altar of Makhleb.
  8269 | D:7      | Noticed Pikel
  8299 | D:7      | Killed Pikel
  8299 | D:7      | Reached XP level 10. HP: 71/83 MP: 14/18
  8947 | D:8      | Found a sacrificial altar of Ru.
  9118 | D:8      | Reached skill level 5 in Short Blades
 10369 | D:9      | Reached skill level 10 in Necromancy
 10458 | D:9      | Reached *** piety under Kikubaaqudgha
 10458 | D:9      | Identified Kikubaaqudgha's Disquisition on Evil
                  | (Kikubaaqudgha gifted it to you on level 9 of the Dungeon)
 10458 | D:9      | Received a gift from Kikubaaqudgha
 10468 | D:9      | Learned a level 5 spell: Dispel Undead
 10628 | D:9      | Noticed Gastronok
 10717 | D:9      | Killed Gastronok
 11231 | D:9      | Reached XP level 11. HP: 91/91 MP: 10/21
 11538 | D:10     | Entered Level 10 of the Dungeon
 11609 | D:10     | Reached skill level 11 in Necromancy
 12520 | D:10     | Found a runed door.
 12524 | D:10     | Noticed komo4ek's ghost (novice MiBe)
 12943 | D:11     | Noticed Josephine
 14016 | D:10     | Reached **** piety under Kikubaaqudgha
 14295 | D:11     | Found a staircase to the Lair.
 14310 | D:11     | Killed Josephine
 15009 | D:11     | Found a staircase to the Orcish Mines.
 15121 | D:11     | Learned a level 5 spell: Borgnjor's Vile Clutch
 15147 | D:12     | Noticed a two-headed ogre
 15358 | D:12     | Killed a two-headed ogre
 15358 | D:12     | Reached skill level 12 in Necromancy
 15652 | D:12     | Reached skill level 1 in Earth Magic
 15874 | D:11     | Reached XP level 12. HP: 59/102 MP: 21/23
 16416 | D:12     | Noticed Frances
 16444 | D:13     | Noticed Sonja
 16453 | D:13     | Noticed a vault guard
 16454 | D:13     | Noticed a vault guard
 16455 | D:13     | Noticed a vault guard
 16456 | D:13     | Noticed a vault guard
 16458 | D:13     | Noticed a vault guard
 16641 | D:13     | Noticed a vault guard
 16651 | D:13     | Killed a vault guard
 16756 | D:13     | Noticed a vault guard
 16766 | D:13     | Killed a vault guard
 16798 | D:13     | Killed a vault guard
 16942 | D:13     | Noticed Urug
 17012 | D:13     | Killed a vault guard
 17336 | D:13     | Reached ***** piety under Kikubaaqudgha
 17411 | D:13     | Killed a vault guard
 17632 | D:13     | Killed Urug
 17632 | D:13     | Reached skill level 13 in Necromancy
 17819 | D:13     | Found a gate to the Vaults.
 17876 | D:13     | Reached skill level 1 in Polearms
 17882 | D:13     | Killed a vault guard
 17894 | D:13     | Noticed a vault guard
 17905 | D:13     | Killed Sonja
 18008 | D:13     | Killed a vault guard
 18286 | D:13     | Killed a vault guard
 18286 | D:13     | Reached XP level 13. HP: 51/113 MP: 18/25
 18367 | D:13     | Found a transporter.
 18369 | D:13     | Noticed a purple very ugly thing
 18370 | D:13     | Found a transporter.
 18370 | D:13     | Noticed a brown very ugly thing
 18371 | D:13     | Found a corrupted altar of Lugonu.
 18858 | D:13     | Noticed Snorg
 19046 | D:13     | Reached skill level 10 in Fighting
 19637 | D:13     | Killed Snorg
 19949 | Lair:1   | Entered Level 1 of the Lair of Beasts
 20123 | Lair:1   | Got a pair of warped boots
 20135 | Lair:1   | Identified the +0 pair of boots of Tempters {*Corrode +Fly
                  | rElec Int+3} (You found it on level 1 of the Lair of
                  | Beasts)
 21336 | Lair:2   | Found a staircase to the Shoals.
 21594 | Lair:2   | Found a staircase to the Snake Pit.
 22112 | Lair:2   | Learned a level 6 spell: Simulacrum
 22261 | Lair:2   | Found a shadowy altar of Dithmenos.
 22604 | Lair:3   | Reached skill level 1 in Ice Magic
 23105 | Lair:3   | Reached skill level 5 in Polearms
 24300 | Lair:5   | Reached skill level 1 in Shields
 24474 | Lair:5   | Noticed Rupert
 24928 | Lair:5   | Gained mutation: Your large and strong wings let you fly
                  | indefinitely. [Black Draconian growth]
 24928 | Lair:5   | Reached XP level 14. HP: 51/122 MP: 17/27
 25251 | Lair:6   | Entered Level 6 of the Lair of Beasts
 25252 | Lair:6   | Found a staircase to the Slime Pits.
 25556 | Lair:6   | Reached skill level 14 in Necromancy
 25886 | Lair:6   | Reached skill level 5 in Ice Magic
 26940 | Orc:1    | Entered Level 1 of the Orcish Mines
 26940 | Orc:1    | Found a roughly hewn altar of Beogh.
 27360 | Orc:1    | Reached ****** piety under Kikubaaqudgha
 27485 | Orc:2    | Entered Level 2 of the Orcish Mines
 27630 | Orc:2    | Noticed an orc warlord
 27654 | Orc:2    | Killed an orc warlord
 27658 | Orc:2    | Paralysed by an orc sorcerer for 7 turns
 27667 | Orc:2    | Found a roughly hewn altar of Beogh.
 27667 | Orc:2    | Found Puqez's Jewellery Boutique.
 27667 | Orc:2    | Noticed Erolcha
 28219 | Orc:2    | Found Wuedd's Distillery.
 28231 | Orc:2    | Bought 2 potions of curing for 90 gold pieces
 28279 | Orc:2    | Paralysed by Erolcha for 3 turns
 28287 | Orc:2    | Killed Erolcha
 28688 | Orc:2    | Reached skill level 10 in Dodging
 28973 | Orc:2    | Found Wostenydd's Antique Weapon Boutique.
 28996 | Orc:2    | Reached skill level 10 in Spellcasting
 29003 | Orc:2    | Found Fuim's General Store.
 29076 | Orc:2    | Found Gaonn's Antique Armour Boutique.
 29084 | Orc:2    | Bought a pair of embroidered gloves for 157 gold pieces
 29247 | Orc:2    | Found a staircase to the Elven Halls.
 29337 | Orc:2    | Received a gift from Kikubaaqudgha
 29610 | D:12     | Shot with an arrow by a centaur warrior

Vault maps used:
D:1:      lemuel_arrival_hallway, chequers_serial_rivers_room_b
D:2:      kennysheep_big_flooded_room, first_ration
D:3:      nicolae_overflow_hidden_temple
D:4:      minmay_temple_entry_overgrown, minmay_misc_feat_five,
          nicolae_tso_carved_into_rock, uniq_blork_the_orc
D:5:      nemelex_lonely_heart_becter, uniq_menkaure
D:6:      lexackson_kobold_supper
D:7:      basic_altar, kennysheep_generic_room_13, uniq_joseph, uniq_duvessa,
          uniq_pikel
D:8:      hangedman_pestilent_swarm, minmay_item_behind_shaft,
          nicolae_ru_awakened_eye
D:9:      grunt_decor_arrowhead, minivault_25_ag, uniq_gastronok
D:10:     gammafunk_ghost_grave
D:11:     david_lair_generic, erik_orc_1, uniq_josephine
D:12:     nrook_mini_vaults, uniq_psyche, uniq_frances
D:13:     gammafunk_corrupted_shrine, erik_vaults_2, evilmike_butchery,
          uniq_urug, uniq_snorg, uniq_sonja
Temple:   compressed_dpeg_triangle_lava_temple
Lair:2:   elwin_shoals_entry_stream, dummy_snake_entry, basic_altar,
          st_stairs_13, grunt_megastairs_1
Lair:3:   beast_lair_carwin_11
Lair:5:   special_room, gammafunk_lair_bear_cave, uniq_rupert
Lair:6:   evilmike_catoblepas_cave, minmay_slime_entry_pillars, ldierk_geyser,
          serial_bayou_lagoon_a
Orc:1:    basic_altar, roderic_batcave
Orc:2:    grunt_orc_cross, serial_shops, shop, uniq_erolcha

Skill      XL: |  1  2  3  4  5  6  7  8  9 10 11 12 13 14 |
---------------+-------------------------------------------+-----
Dodging        | 2 3 4 5 6 7 8 9 10 | 10.0
Fighting       | 1 2 3 4 5 6 7 8 9 10 11 | 11.5
Necromancy     | 5 6 7 8 9 10 12 13 14 | 14.3
Spellcasting   | 3 4 5 6 7 8 9 10 | 10.0
Short Blades   | 1 3 4 6 7 |  7.7
Earth Magic    | 1 3 |  3.1
Polearms       | 2 6 8 |  8.4
Ice Magic      | 4 5 |  5.0
Shields        | 1 4 |  4.0
Stealth        | |  1.7

Action                   |  1- 3 |  4- 6 |  7- 9 | 10-12 | 13-15 || total
-------------------------+-------+-------+-------+-------+-------++-------
Melee: Short sword       |    78 |    56 |       |       |       ||   134
       Tailslap          |     3 |    28 |    69 |   103 |    90 ||   293
       Spear             |       |    29 |       |       |       ||    29
       Rapier            |       |   154 |   602 |       |       ||   756
       Whip              |       |       |       |   251 |       ||   251
       Dagger            |       |       |       |   636 |   105 ||   741
       Demon trident     |       |       |       |       |   798 ||   798
 Cast: Pain              |    21 |    19 |     5 |     1 |       ||    46
       Animate Skeleton  |    14 |    12 |    18 |    36 |    62 ||   142
       Vampiric Draining |     3 |     8 |    25 |   101 |    48 ||   185
       Regeneration      |       |       |    10 |    38 |    84 ||   132
       Animate Dead      |       |       |     6 |     3 |    31 ||    40
       Dispel Undead     |       |       |       |    14 |       ||    14
       Borgnjor's Vile C |       |       |       |     5 |    54 ||    59
       Simulacrum        |       |       |       |       |     3 ||     3
Invok: Receive Corpses   |       |       |       |     1 |    10 ||    11
       Receive Necronomi |       |       |       |       |     1 ||     1
 Abil: Breathe Lightning |       |       |     3 |     9 |     3 ||    15
       Fly               |       |       |       |       |     1 ||     1
Evoke: Wand              |       |       |       |    22 |       ||    22
  Use: Scroll            |     1 |       |    10 |    13 |    10 ||    34
       Potion            |       |       |       |     7 |     2 ||     9
 Stab: Sleeping          |     4 |       |     6 |     6 |     4 ||    20
       Distracted        |       |       |     1 |     3 |     5 ||     9
       Paralysed         |       |       |       |     7 |       ||     7
       Invisible         |       |       |       |     6 |       ||     6
  Eat: Chunk             |     4 |    10 |    10 |    23 |    40 ||    87
       Ration            |       |       |     2 |     7 |     6 ||    15
Armor: Skin              |    27 |    81 |   244 |   318 |   308 ||   978
Dodge: Dodged            |    65 |   134 |   477 |   766 |   684 ||  2126
Block: Other             |       |       |       |       |    74 ||    74
       Buckler           |       |       |       |       |    19 ||    19
       Reflection        |       |       |       |       |     2 ||     2

Table legend:
 A = Non-vault XP
 B = Vault XP
 C = Vault XP percentage of total XP
 D = Non-vault monster count
 E = Vault monster count
 F = Vault count percentage of total count
                 A         B        C        D         E       F
            +---------+---------+-------+---------+---------+-------
      Total |   56409 |   42892 |  43.2 |     515 |     161 |  23.8
            +---------+---------+-------+---------+---------+-------
        D:1 |      48 |       0 |   0.0 |      20 |       0 |   0.0
        D:2 |     112 |       7 |   5.9 |      27 |       2 |   6.9
        D:3 |     113 |       0 |   0.0 |      21 |       0 |   0.0
        D:4 |     552 |      80 |  12.7 |      19 |       1 |   5.0
        D:5 |    1180 |     172 |  12.7 |      33 |       1 |   2.9
        D:6 |     633 |     105 |  14.2 |      35 |       5 |  12.5
        D:7 |    2076 |    1022 |  33.0 |      23 |       5 |  17.9
        D:8 |     443 |     497 |  52.9 |      10 |       4 |  28.6
        D:9 |    2431 |    2129 |  46.7 |      19 |       3 |  13.6
       D:10 |    1996 |     630 |  24.0 |      28 |      12 |  30.0
       D:11 |    5611 |    2577 |  31.5 |      32 |      13 |  28.9
       D:12 |    4027 |       0 |   0.0 |      23 |       0 |   0.0
       D:13 |    6866 |   10494 |  60.4 |      49 |      11 |  18.3
     Lair:1 |    3701 |     248 |   6.3 |      14 |       1 |   6.7
     Lair:2 |    1795 |    2394 |  57.1 |      14 |       9 |  39.1
     Lair:3 |    3758 |     326 |   8.0 |      13 |       3 |  18.8
     Lair:4 |    4553 |       0 |   0.0 |      22 |       0 |   0.0
     Lair:5 |    4281 |    3677 |  46.2 |      18 |      17 |  48.6
     Lair:6 |    6967 |    9562 |  57.8 |      28 |      27 |  49.1
      Orc:1 |    2606 |     400 |  13.3 |      37 |      10 |  21.3
      Orc:2 |    2660 |    8572 |  76.3 |      30 |      37 |  55.2
            +---------+---------+-------+---------+---------+-------
